 Dungeon Sprint DCSS version 0.19-a0-1051-gdb7e7f8 (webtiles) character file.

455 Kidiri the Carver (level 6, -7/58 HPs)
             Began as a Minotaur Monk on Aug 1, 2016.
             Was a Priest of Okawaru.
             Mangled by a flying skull (10 damage)
             ... while paralysed by Grinder
             ... in the Dungeon (Sprint VII: "The Pits").
             The game lasted 00:02:40 (388 turns).

Kidiri the Carver (Minotaur Monk)                    Turns: 388, Time: 00:02:41

Health: -7/58      AC:  2    Str: 16    XL:     6   Next: 76%
Magic:  5/8        EV:  2    Int:  7    God:    Okawaru [***...]
Gold:   0          SH:  0    Dex: 14    Spells: 0 memorised, 5 levels left

rFire  . . .     SeeInvis .     q - +1 long sword (holy)
rCold  . . .     Gourm    .     j - +3 ring mail
rNeg   . . .     Faith    .     (no shield)
rPois  .         Spirit   .     (helmet restricted)
rElec  .         Dismiss  .     (no cloak)
rCorr  .         Reflect  .     (no gloves)
SustAt .         Harm     .     (no boots)
MR     .....     NoTele   +     (no amulet)
Stlth  +++.......               (no ring)
                                (no ring)

@: paralysed, heroism, corroded, not resistant to hostile enchantments, fairly
stealthy
A: retaliatory headbutt, horns 2
a: Heroism, Renounce Religion


You were in the Dungeon.
You worshipped Okawaru.
Okawaru was most pleased with you.
You were not hungry.

You visited 1 branch

Inventory:

Hand Weapons
 q - a +1 long sword of holy wrath (weapon)
Armour
 j - a +3 ring mail (worn)
 r - a +2 plate armour
Scrolls
 i - a scroll of blinking
 m - 3 scrolls of remove curse
 n - 5 scrolls of amnesia
 o - a scroll of summoning
Potions
 d - 6 potions of curing
 e - 6 potions of heal wounds
 f - a potion of haste
 g - 4 potions of magic
 h - 3 potions of berserk rage
 l - 2 potions of invisibility
Comestibles
 a - 40 fruits
 c - 8 bread rations
 k - 7 meat rations
 p - a chunk of flesh


   Skills:
 + Level 6.8(11.8) Fighting
 * Level 9.2(14.2) Long Blades
 * Level 8.0(13.0) Armour
 * Level 8.2(13.2) Dodging
 + Level 4.7(9.7) Stealth
 + Level 4.4 Invocations


You had 5 spell levels left.
You didn't know any spells.

Dungeon Overview and Level Annotations

Branches:
Dungeon (1/1)

Altars:
Ashenzari
Cheibriados
Dithmenos
Elyvilon
Fedhas
Gozag
Kikubaaqudgha
Makhleb
Nemelex Xobeh
Okawaru
Pakellas
Qazlal
Ru
Sif Muna
Trog
Vehumet
Xom
Yredelemnul
Zin
The Shining One
Beogh
Jiyva
Lugonu

Annotations:
D Grinder


Innate Abilities, Weirdness & Mutations

You reflexively headbutt those who attack you in melee.
You have a pair of horns on your head.


Message History

The flying skull misses you. You furiously retaliate!
You headbutt the flying skull, but do no damage.
You barely miss Grinder.
Grinder is moderately wounded.
The flying skull completely misses you.
You riposte.
You miss the flying skull. Your headbutt misses the flying skull.
Grinder gestures at you.
You suddenly lose the ability to move!
The flying skull hits you! Grinder hits you.
You writhe in agony.
* * * LOW HITPOINT WARNING * * *
The flying skull hits you.
* * * LOW HITPOINT WARNING * * *
The flying skull hits you.
* * * LOW HITPOINT WARNING * * *
Grinder hits you.
* * * LOW HITPOINT WARNING * * *
You writhe in agony.
* * * LOW HITPOINT WARNING * * *
The flying skull hits you!
You die...

#.#.÷####))##.......#
#.#..#..#))##.......#
#.#..#..#..##.......#
#.##+#..#+###...<...#
#(#........##.......#
#.#........##.......#
#(###########.......#
#...†...# #########
#.###@..# #.#..5z.#
#.#...#.# #.....#.#
#...### # #... ####


You could see Grinder and a flying skull.

Vanquished Creatures
  2 giant eyeballs (D)
  A giant frog (D)
  A big kobold (D)
  A crimson imp (D)
  An iron imp (D)
  A jelly (D)
  An adder (D)
  2 oozes (D)
  A giant gecko (D)
  4 jackals (D)
  A quokka (D)
  A giant newt (D)
17 creatures vanquished.

Notes
Turn   | Place    | Note
-------+----------+-------------------------------------------
     0 | D        | Kidiri the Minotaur Monk began the quest for the Orb.
     0 | D        | Reached XP level 1. HP: 19/19 MP: 0/0
    12 | D        | Reached skill level 4 in Long Blades
    12 | D        | Reached skill level 1 in Armour
    49 | D        | Found a sacrificial altar of Ru.
    49 | D        | Found a basalt altar of Yredelemnul.
    49 | D        | Found a shadowy altar of Dithmenos.
    49 | D        | Found a deep blue altar of Sif Muna.
    49 | D        | Found a burning altar of Makhleb.
    49 | D        | Found a shimmering altar of Xom.
    49 | D        | Found an ancient bone altar of Kikubaaqudgha.
    49 | D        | Found a sparkling altar of Nemelex Xobeh.
    50 | D        | Found a glowing golden altar of the Shining One.
    50 | D        | Found a bloodstained altar of Trog.
    50 | D        | Found a shattered altar of Ashenzari.
    50 | D        | Found a white marble altar of Elyvilon.
    50 | D        | Found a snail-covered altar of Cheibriados.
    50 | D        | Found a blossoming altar of Fedhas.
    50 | D        | Found a radiant altar of Vehumet.
    50 | D        | Found a glowing silver altar of Zin.
    50 | D        | Found a corrupted altar of Lugonu.
    50 | D        | Found a viscous altar of Jiyva.
    50 | D        | Found a roughly hewn altar of Beogh.
    50 | D        | Found an iron altar of Okawaru.
    51 | D        | Found an oddly glowing altar of Pakellas.
    56 | D        | Found a stormy altar of Qazlal.
    56 | D        | Found an opulent altar of Gozag.
    59 | D        | Became a worshipper of Warmaster Okawaru
    59 | D        | Reached * piety under Okawaru
    59 | D        | Reached ** piety under Okawaru
    94 | D        | Reached XP level 2. HP: 22/27 MP: 1/1
   100 | D        | Reached skill level 5 in Long Blades
   105 | D        | Reached skill level 1 in Invocations
   189 | D        | Noticed a giant eyeball
   190 | D        | Noticed a crimson imp
   190 | D        | Noticed a giant eyeball
   196 | D        | Reached XP level 3. HP: 33/33 MP: 2/2
   196 | D        | Paralysed by a giant eyeball for 4 turns
   202 | D        | Killed a giant eyeball
   202 | D        | Reached skill level 5 in Fighting
   202 | D        | Reached skill level 6 in Long Blades
   202 | D        | Reached skill level 5 in Armour
   202 | D        | Reached skill level 5 in Dodging
   202 | D        | Reached XP level 4. HP: 42/42 MP: 2/5
   206 | D        | Paralysed by a giant eyeball for 2 turns
   209 | D        | Killed a giant eyeball
   209 | D        | Reached skill level 7 in Long Blades
   209 | D        | Reached XP level 5. HP: 50/50 MP: 2/6
   254 | D        | Reached skill level 8 in Long Blades
   354 | D        | Noticed Grinder
   369 | D        | Reached XP level 6. HP: 53/58 MP: 5/8
   377 | D        | Reached skill level 9 in Long Blades
   381 | D        | Noticed a flying skull
   382 | D        | Reached *** piety under Okawaru
   385 | D        | Paralysed by Grinder for 3 turns
   388 | D        | Mangled by a flying skull

Vault maps used:
D:        pitsprint

Skill      XL: |  1  2  3  4  5  6 |
---------------+-------------------+-----
Long Blades    | 4 5 6 7 8 9 |  9.2
Armour         | 1 2 5 6 7 8 |  8.0
Dodging        | 4 5 6 7 8 |  8.2
Stealth        | 2 3 4 |  4.7
Fighting       | 4 5 6 |  6.8
Invocations    | 1 2 3 4 |  4.4

Action                   |  1- 3 |  4- 6 || total
-------------------------+-------+-------++-------
Melee: Falchion          |    27 |     6 ||    33
       Headbutt          |     5 |     5 ||    10
       Long sword        |       |    20 ||    20
Invok: Heroism           |       |     3 ||     3
Armor: Robe              |     3 |       ||     3
       Ring mail         |       |     3 ||     3
Dodge: Dodged            |    15 |    13 ||    28
